 Dungeon Crawl Stone Soup version 0.26-a0-778-g3fe0686644 (webtiles) character file.

Game seed: 13504045943062043297

44385 littlecub the Jinx (level 13, 0/66 HPs)
             Began as a Spriggan Enchanter on Nov 5, 2020.
             Was a High Priest of Dithmenos.
             Slain by a seven-headed hydra (4 damage)
             ... on level 6 of the Lair of Beasts on Nov 9, 2020.
             The game lasted 01:23:44 (23974 turns).

littlecub the Jinx (Spriggan Enchanter)            Turns: 23974, Time: 01:23:45

Health: 0/66       AC:  4    Str: 11    XL:     13   Next: 96%
Magic:  37/40      EV: 27    Int: 19    God:    Dithmenos [*****.]
Gold:   1366       SH: 10    Dex: 16    Spells: 22/38 levels left

rFire    + . .     SeeInvis +   L - +1 dagger (drain)
rCold    + . .     Faith    .   G - +3 buckler
rNeg     . . .     Spirit   .   U - +2 robe {rF+}
rPois    .         Reflect  .   (helmet restricted)
rElec    .         Harm     .   H - scarf {repulsion}
rCorr    .         Rampage  .   (gloves unavailable)
MR       ++...                  (boots unavailable)
Stlth    +++++++++.             I - amulet of magic regeneration
HPRegen  0.21/turn              A - ring of stealth
MPRegen  0.52/turn              B - ring of Accord {rC+ MP+9 Str+4}

@: wreathed by umbra, repel missiles, very quick
A: very small, unfitting armour, see invisible, speed 3
a: Shadow Step, Shadow Form, Renounce Religion


You were on level 6 of the Lair of Beasts.
You worshipped Dithmenos.
Dithmenos was extremely pleased with you.
You visited 3 branches of the dungeon, and saw 20 of its levels.
You also visited: Gauntlet.

You collected 1366 gold pieces.

Inventory:

Hand Weapons
 L - a +1 dagger of draining (weapon)
Missiles
 q - 28 poisoned darts
 N - 2 curare-tipped darts (quivered)
Armour
 k - a +2 robe of cold resistance
 G - a +3 buckler (worn)
 H - a scarf of repulsion (worn)
 S - +0 fire dragon scales
 U - a +2 robe of fire resistance (worn)
Jewellery
 r - an uncursed ring of resist corrosion
 A - a ring of stealth (left hand)
 B - the ring of Accord (right hand) {rC+ MP+9 Str+4}
   (You took it off an orc wizard on level 8 of the Dungeon)

   [ring of protection from cold]

   It affects your strength (+4).
   It protects you from cold.
   It affects your magic capacity (+9).
 I - an amulet of magic regeneration (around neck)
 Q - an uncursed ring of stealth
Wands
 i - a wand of digging (4)
 n - a wand of random effects (47)
 p - a wand of flame (94)
 D - a wand of polymorph (10)
 F - a wand of enslavement (7)
 M - a wand of disintegration (10)
 O - a wand of iceblast (11)
 T - a wand of acid (7)
 V - a wand of paralysis (13)
Scrolls
 c - 4 scrolls of magic mapping
 l - 8 scrolls of remove curse
 s - 9 scrolls of teleportation
 w - a scroll of enchant weapon
 y - 3 scrolls of amnesia
 z - a scroll of blinking
 C - 4 scrolls of enchant armour
 E - a scroll of holy word
 J - 3 scrolls of fog
 K - a scroll of summoning {unknown}
 P - a scroll of fear {unknown}
Potions
 a - 2 potions of brilliance {unknown}
 b - a potion of berserk rage {unknown}
 d - a potion of might {unknown}
 e - 3 potions of magic {unknown}
 f - a potion of invisibility {unknown}
 g - 4 potions of haste
 h - 4 potions of curing
 j - 2 potions of ambrosia {unknown}
 m - 5 potions of flight {unknown}
 o - 7 potions of attraction {unknown}
 t - 5 potions of mutation
 u - a potion of degeneration {unknown}
 v - a potion of resistance {unknown}
 x - 2 potions of lignification {unknown}


   Skills:
 + Level 6.6 Fighting
 + Level 8.8 Short Blades
 + Level 11.6 Dodging
 + Level 12.6 Stealth
 + Level 3.6 Shields
 * Level 13.4 Spellcasting
 * Level 13.6 Hexes
 - Level 5.0 Translocations
 + Level 6.5 Ice Magic
 + Level 0.6 Invocations


You had 22 spell levels left.
You knew the following spells:

 Your Spells              Type           Power        Failure   Level
a - Corona                Hex            ######.      1%          1
b - Ensorcelled Hibernat  Hex/Ice        ######       1%          2
c - Tukima's Dance        Hex            ######..     1%          3
d - Confusing Touch       Hex            ######..     1%          3
e - Slow                  Hex            ######..     1%          2
f - Dazzling Flash        Conj/Hex       #####.       1%          3
x - Blink                 Tloc           N/A          1%          2

Your spell library contained the following spells:

 Spells                   Type           Power        Failure   Level
 Apportation              Tloc           ####..       1%          1
 Summon Guardian Golem    Hex/Summ       #####...     1%          3
 Animate Skeleton         Necr           ##....       7%          1
 Magic Dart               Conj           ##..         7%          1
 Summon Small Mammal      Summ           ##..         7%          1
 Call Imp                 Summ           ##......     10%         2
 Poisonous Vapours        Pois/Air       ##....       10%         2
 Summon Ice Beast         Ice/Summ       ####....     17%         4
 Call Canine Familiar     Summ           ##......     21%         3
 Conjure Flame            Conj/Fire      ##......     21%         3
 Mephitic Cloud           Conj/Pois/Air  ##......     21%         3
 Summon Lightning Spire   Summ/Air       ##......     54%         4
 Freezing Cloud           Conj/Ice/Air   ###.......   99%         6


Dungeon Overview and Level Annotations

Branches:
Dungeon (13/15)            Temple (1/1) D:4            Lair (6/6) D:11
  Swamp (0/4) Lair:4        Snake (0/4) Lair:2          Orc (0/2) D:12
Gauntlet (visited)
  Slime: Lair:5-6    Vaults: D:13-14

Altars:
Ashenzari
Cheibriados
Dithmenos
Elyvilon
Fedhas
Gozag
Hepliaklqana
Kikubaaqudgha
Makhleb
Nemelex Xobeh
Okawaru
Qazlal
Ru
Sif Muna
Trog
Uskayaw
Vehumet
Wu Jian
Xom
Yredelemnul
Zin
The Shining One

Shops:
D:5 (

Annotations:
Lair:1 2 transporters, Sucatyrr's ghost, journeyman HOFi
Lair:4 1 runed translucent door, frankcastle's ghost, journeyman GnWn


Innate Abilities, Weirdness & Mutations

You are very small and have problems with some larger weapons.
You are too small for most types of armour.
You have supernaturally acute eyesight. (SInv)
You cover ground extremely quickly.


Message History

Confirm with . or Enter, or press ? or * to list all spells.
Aiming: Ensorcelled Hibernation (safe; 1% risk of failure)
Press: ? - help, Shift-Dir - straight line, f/p - seven-headed hydra
Aim: a seven-headed hydra (umbra, chance to defeat MR: 37%)
The seven-headed hydra easily resists.
The seven-headed hydra closely misses you.
The seven-headed hydra bites you! The seven-headed hydra misses you.
The seven-headed hydra bites you. The seven-headed hydra misses you.
The seven-headed hydra completely misses you.
The seven-headed hydra bites you!
Casting: Ensorcelled Hibernation (safe; 1% risk of failure)
Confirm with . or Enter, or press ? or * to list all spells.
You blink.
The seven-headed hydra bites you!
* * * LOW HITPOINT WARNING * * *
The seven-headed hydra bites you!
* * * LOW HITPOINT WARNING * * *
The seven-headed hydra misses you. x2
You block the seven-headed hydra's attack.
The seven-headed hydra bites you.
You die...

≈..# .# ...# D.##..#
#..## .#.#..# ###...
#...## #....##
##†.[##### #.....#
..#$.##..# #.#§.##
§.###.#..## #....###
#######...#####......#
...........#.#..@D..##
....................#
....................#
.............<......#
.........#..#.###P###
.........###### ###
..##P..### ########


You could see a seven-headed hydra.

Vanquished Creatures
  Rupert (Lair:3)
  Harold (Lair:1)
  3 hydras
  A centaur warrior (D:8)
  3 death yaks (Lair:3)
  2 unseen horrors
  A lindwurm (Lair:4)
  A deep elf mage (D:12)
  2 ugly things
  A cyclops (D:11)
  2 centaur zombies
  14 elephants
  7 black mambas
  A torpor snail (Lair:6)
  5 cane toads
  13 rime drakes
  5 komodo dragons
  2 polar bears (Lair:3)
  2 trolls
  9 dream sheep
  4 blink frogs (Lair:5)
  29 yaks
  4 wyverns
  2 basilisks
  Eustachio (D:4)
  11 steam dragons (Lair:4)
  Edmund (D:6)
  3 nagas (Lair:2)
  13 water moccasins
  7 orc warriors
  2 black bears
  An ice beast (D:6)
  6 phantoms
  5 centaurs
  11 ogres
  13 wolves
  A big kobold (D:11)
  13 bullfrogs
  2 gnoll sergeants
  5 scorpions
  19 killer bees
  5 howler monkeys
  3 bullfrog zombies (D:6)
  Crazy Yiuf (D:2)
  4 bullfrog skeletons
  2 jellies
  A quasit (D:12)
  12 orc priests
  3 hounds
  13 orc wizards
  3 centaur skeletons
  Terence (D:2)
  2 iguanas
  8 worker ants
  Ijyb (D:5)
  A killer bee zombie (D:10)
  2 hound skeletons
  A howler monkey zombie (D:9)
  A worker ant zombie (D:10)
  11 gnolls
  10 adders
  4 shadow imps
  3 white imps
  An ufetubus (D:8)
  An ooze (D:3)
  An adder zombie (D:9)
  3 adder skeletons (D:4)
  3 worms
  A dart slug (D:1)
  4 leopard geckos
  59 orcs
  4 ball pythons
  8 bats
  5 giant cockroaches
  9 goblins
  10 hobgoblins
  3 jackals (D:11)
  13 kobolds
  3 quokkas
  8 frilled lizards
  A leopard gecko skeleton (D:6)
  A leopard gecko zombie (D:8)
  A quokka zombie (D:7)
  2 rats
462 creatures vanquished.

Vanquished Creatures (others)
  A dancing weapon (D:6)
  A bush (Lair:6)
  20 fungi
  29 plants
  13 withered plants (Gauntlet)
64 creatures vanquished.

Grand Total: 526 creatures vanquished

Notes
Turn   | Place    | Note
-------+----------+-------------------------------------------
     0 | D:1      | littlecub the Spriggan Enchanter began the quest for the
                  | Orb.
     0 | D:1      | Reached XP level 1. HP: 9/9 MP: 5/5
   349 | D:1      | Reached XP level 2. HP: 6/13 MP: 4/7
  1270 | D:2      | Noticed Terence
  1283 | D:1      | Learned a level 2 spell: Ensorcelled Hibernation
  1296 | D:2      | Killed Terence
  1296 | D:2      | Reached XP level 3. HP: 12/17 MP: 6/9
  1693 | D:2      | Reached XP level 4. HP: 19/21 MP: 5/10
  1776 | D:2      | Learned a level 3 spell: Dazzling Flash
  1780 | D:2      | Learned a level 3 spell: Confusing Touch
  2491 | D:2      | Reached skill level 5 in Stealth
  2622 | D:2      | Found a runed translucent door.
  2623 | D:2      | Noticed Crazy Yiuf
  2686 | D:2      | Killed Crazy Yiuf
  2686 | D:2      | Reached skill level 1 in Fighting
  2852 | D:3      | Reached XP level 5. HP: 10/25 MP: 9/12
  2859 | D:3      | Learned a level 3 spell: Tukima's Dance
  4727 | D:5      | Entered Level 5 of the Dungeon
  4923 | D:4      | Reached skill level 5 in Hexes
  5413 | D:5      | Reached XP level 6. HP: 24/30 MP: 10/13
  5479 | D:5      | Noticed Ijyb
  5483 | D:5      | Paralysed by Ijyb for 6 turns
  5513 | D:5      | Killed Ijyb
  5513 | D:5      | Reached skill level 1 in Ice Magic
  5829 | D:5      | Found Ceos's Antique Weapon Shop.
  6481 | D:6      | Reached skill level 5 in Spellcasting
  6877 | D:6      | Reached XP level 7. HP: 34/34 MP: 15/15
  6923 | D:6      | Noticed Edmund
  6959 | D:6      | Killed Edmund
  7223 | D:6      | Reached skill level 5 in Dodging
  7377 | D:6      | Reached XP level 8. HP: 22/39 MP: 8/18
  7803 | D:7      | Found a basalt altar of Yredelemnul.
  7826 | D:7      | Learned a level 2 spell: Blink
  7829 | D:7      | Learned a level 2 spell: Slow
  8477 | D:8      | Reached skill level 1 in Translocations
  8622 | D:8      | Reached XP level 9. HP: 44/44 MP: 16/21
  9777 | D:4      | Noticed Eustachio
  9809 | D:4      | Killed Eustachio
 10849 | D:4      | Found a staircase to the Ecumenical Temple.
 10856 | Temple   | Entered the Ecumenical Temple
 10946 | Temple   | Became a worshipper of Dithmenos the Shadowed
 11271 | D:8      | Noticed a gargoyle
 11351 | D:8      | Noticed a centaur warrior
 11363 | D:8      | Killed a centaur warrior
 11363 | D:8      | Reached skill level 5 in Short Blades
 11363 | D:8      | Reached XP level 10. HP: 23/49 MP: 12/23
 11398 | D:8      | Identified the ring of Accord {rC+ MP+9 Str+4}
 11643 | D:9      | Reached * piety under Dithmenos
 11895 | D:9      | Found a stormy altar of Qazlal.
 12450 | D:10     | Entered Level 10 of the Dungeon
 12834 | D:10     | Reached skill level 5 in Translocations
 13086 | D:10     | Reached ** piety under Dithmenos
 13524 | D:11     | Noticed a white ugly thing
 13525 | D:11     | Found a staircase to the Lair.
 13530 | D:11     | Killed a white ugly thing
 13530 | D:11     | Reached skill level 10 in Hexes
 14184 | D:11     | Noticed an unseen horror
 14187 | D:11     | Killed an unseen horror
 14187 | D:11     | Reached skill level 10 in Spellcasting
 14187 | D:11     | Reached XP level 11. HP: 54/54 MP: 26/26
 14717 | D:11     | Reached *** piety under Dithmenos
 14875 | D:12     | Found a staircase to the Orcish Mines.
 14892 | D:12     | Reached skill level 10 in Stealth
 14896 | D:12     | Noticed an unseen horror
 15173 | D:12     | Killed an unseen horror
 15476 | D:12     | Noticed a cyan ugly thing
 15740 | D:12     | Noticed a deep elf mage
 15748 | D:12     | Killed a deep elf mage
 16065 | D:12     | Killed a cyan ugly thing
 16215 | D:13     | Noticed a centaur warrior
 16283 | Lair:1   | Entered Level 1 of the Lair of Beasts
 16413 | Lair:1   | Reached skill level 5 in Fighting
 16511 | Lair:1   | Noticed a seven-headed hydra
 16714 | Lair:1   | Killed a seven-headed hydra
 16926 | Lair:1   | Noticed Harold
 17260 | D:11     | Reached skill level 5 in Ice Magic
 17268 | Lair:1   | Reached skill level 1 in Shields
 17347 | Lair:1   | Found a transporter.
 17349 | Lair:1   | Found a transporter.
 17352 | Lair:1   | Noticed Sucatyrr's ghost (journeyman HOFi)
 17374 | Lair:1   | Killed Harold
 17374 | Lair:1   | Reached **** piety under Dithmenos
 17374 | Lair:1   | Reached XP level 12. HP: 37/60 MP: 28/28
 17574 | Lair:2   | Found a gate leading to a gauntlet.
 17581 | Gauntlet | Entered a Gauntlet
 17581 | Gauntlet | Found a transporter.
 17581 | Gauntlet | Found a transporter.
 17586 | Gauntlet | Found a transporter.
 17588 | Gauntlet | Found a transporter.
 17598 | Gauntlet | Found a transporter.
 17602 | Gauntlet | Noticed a ghost crab
 17605 | Gauntlet | Found a transporter.
 17607 | Gauntlet | Found a transporter.
 17607 | Gauntlet | Found a transporter.
 17611 | Gauntlet | Found a transporter.
 17635 | Gauntlet | Noticed a death ooze
 17647 | Gauntlet | Found a transporter.
 17681 | Gauntlet | Found a transporter.
 17726 | Gauntlet | Found a transporter.
 17744 | Gauntlet | Found a transporter.
 17832 | Gauntlet | Found a transporter.
 17843 | Gauntlet | Found a transporter.
 17859 | Gauntlet | Found a transporter.
 17972 | Lair:2   | Found a staircase to the Snake Pit.
 19134 | Lair:2   | Upgraded the game from 0.26-a0-739-gf55cbd344a to
                  | 0.26-a0-752-gcff87cac9a
 19134 | Lair:2   | Upgraded the game from 0.26-a0-752-gcff87cac9a to
                  | 0.26-a0-778-g3fe0686644
 19281 | Lair:3   | Reached skill level 10 in Dodging
 19408 | Lair:3   | Noticed Rupert
 19426 | Lair:3   | Killed Rupert
 19630 | Lair:3   | Noticed a seven-headed hydra
 19633 | Lair:3   | Killed a seven-headed hydra
 19664 | Lair:3   | Noticed a death yak
 19666 | Lair:3   | Noticed a death yak
 19667 | Lair:3   | Noticed a death yak
 19669 | Lair:3   | Killed a death yak
 19672 | Lair:3   | Killed a death yak
 19967 | Lair:3   | Killed a death yak
 20495 | Lair:3   | Found the +8 whip "Snakebite" {curare, rPois}
 20496 | Lair:3   | Reached ***** piety under Dithmenos
 20638 | Lair:3   | Reached XP level 13. HP: 61/65 MP: 30/30
 20668 | Lair:4   | Found the +6 arbalest "Damnation" {damnation}
 20668 | Lair:4   | Found a staircase to the Swamp.
 21758 | Lair:4   | Found a runed translucent door.
 21762 | Lair:4   | Noticed frankcastle's ghost (journeyman GnWn)
 23558 | Lair:6   | Entered Level 6 of the Lair of Beasts
 23974 | Lair:6   | Slain by a seven-headed hydra

Illustrated notes

Levels and vault maps discovered:
D:1:      sevenhm_arrival_forest_fort_large_2, layout_loops_ring,
          chequers_serial_rivers_micro_c
D:2:      layout_loops_cross, uniq_terence, uniq_crazy_yiuf_cottage
D:3:      layout_basic
D:4:      layout_loops_ring, minmay_temple_entry_from_below_a, uniq_eustachio
D:5:      layout_layer_cave, serial_shops, kennysheep_little_box, uniq_ijyb
D:6:      layout_loops_ring, ebering_dispersal_statue_hall, uniq_edmund
D:7:      layout_gridville, yredelemnul_altar_generic
D:8:      layout_loops_ring, serial_shops, kennysheep_mini, grunt_ministairs_4,
          minmay_pinched_square
D:9:      layout_roguey, grunt_qazlal_clouds, amethyst_killhole
D:10:     layout_big_octagon
D:11:     layout_stronghold, lair_entry_dummy, kennysheep_small_circle
D:12:     layout_basic, david_orc_2
D:13:     layout_layer_cave, lightli_vaults_fourway_checkpoint,
          jmf_multi_god_temple2, uniq_frances, uniq_sonja, uniq_maurice
Temple:   compressed_dpeg_circular_temple
Lair:1:   layout_cave_shapes, gammafunk_ghost_hive, uniq_harold
Lair:2:   layout_roguey, guppyfry_snake_entry_island, gauntlet_entry_generic,
          grunt_megastairs_5
Lair:3:   minmay_guarded_unrand_snakebite, layout_regular_city,
          infiniplex_staircase_pool_2, grunt_megastairs_4, lemuel_fruit_tree,
          uniq_rupert
Lair:4:   layout_hall_layers, swamp_mist_pool, gammafunk_ghost_grave,
          bobbens_dragon_lair_wall
Lair:5:   layout_roguey
Lair:6:   minmay_lair_end_frog_pond, layout_gridlike, slime_dummy,
          hangedman_lair_generics_rect, infiniplex_staircase_pool

Skill      XL: |  1  2  3  4  5  6  7  8  9 10 11 12 13 |
---------------+----------------------------------------+-----
Spellcasting   | 3 4 5 6 7 8 10 11 12 13 | 13.4
Hexes          | 4 5 6 7 9 10 11 12 13 | 13.6
Stealth        | 5 6 7 8 9 10 11 12 | 12.6
Fighting       | 1 2 3 4 5 6 |  6.6
Short Blades   | 2 3 4 5 6 7 8 |  8.8
Dodging        | 4 5 6 7 8 9 10 11 | 11.6
Ice Magic      | 1 2 3 4 5 6 |  6.5
Translocations | 1 4 5 |  5.0
Shields        | 1 2 3 |  3.6
Invocations    | |  0.6

Action                   |  1- 3 |  4- 6 |  7- 9 | 10-12 | 13-15 || total
-------------------------+-------+-------+-------+-------+-------++-------
Melee: Dagger            |    87 |   195 |   270 |   396 |   152 ||  1100
 Cast: Corona            |    18 |       |       |       |       ||    18
       Ensorcelled Hiber |     9 |    82 |   110 |   245 |    86 ||   532
       Confusing Touch   |       |     9 |    21 |    31 |    14 ||    75
       Tukima's Dance    |       |     2 |     1 |     1 |       ||     4
       Slow              |       |       |       |    28 |       ||    28
       Blink             |       |       |       |       |     2 ||     2
Evoke: Wand              |       |       |     3 |     1 |       ||     4
  Use: Scroll            |       |     3 |     5 |    12 |     1 ||    21
       Potion            |       |       |     2 |       |       ||     2
 Stab: Sleeping          |    15 |    48 |    80 |   169 |    67 ||   379
       Distracted        |     1 |     1 |     1 |       |       ||     3
       Confused          |       |     9 |    19 |    29 |    14 ||    71
Armor: Robe              |     9 |    17 |     9 |     9 |     4 ||    48
       Steam dragon scal |       |       |       |       |     3 ||     3
Dodge: Dodged            |    78 |   140 |   179 |   271 |   136 ||   804
       Repelled          |       |       |       |       |     5 ||     5
Block: Buckler           |       |       |       |    55 |    75 ||   130

Table legend: (Time is in decaauts)
 A = Elapsed time spent in this place.
 B = Non-inter-level travel time spent in this place.
 C = Inter-level travel time spent in this place.
 D = Time resting spent in this place.
 E = Time spent auto-exploring this place.
 F = Levels seen in this place.
 G = Mean time per level.
                   A        B        C        D        E       F      G
               +--------+--------+--------+--------+--------+-----+--------+
         Total |  18777 |  18137 |    640 |   7183 |   7238 |  21 |  894.1 |
       Dungeon |  13129 |  12693 |    436 |   5491 |   4698 |  13 | 1009.9 |
        Temple |     61 |     49 |     12 |      0 |     46 |   1 |   61.0 |
          Lair |   5352 |   5161 |    191 |   1692 |   2310 |   6 |  892.0 |
      Gauntlet |    234 |    234 |      0 |      0 |    182 |   1 |  234.0 |
               +--------+--------+--------+--------+--------+-----+--------+

Top non-repeatable levels by time:
  Lair:3: 1583 daAuts
    D:11: 1450 daAuts
     D:2: 1397 daAuts
     D:3: 1324 daAuts
     D:6: 1280 daAuts
     D:5: 1166 daAuts
     D:8: 1129 daAuts
    D:12: 1121 daAuts
     D:4: 1085 daAuts
  Lair:2: 1058 daAuts
  Lair:4: 1024 daAuts
     D:1: 986 daAuts
  Lair:5: 916 daAuts
    D:10: 787 daAuts
     D:7: 724 daAuts
